 Dungeon Crawl Stone Soup version 0.31-a0-543-geaa9c7a2c0 (webtiles) character file.

Game seed: 778324139040227172

77 Ethylacetat the Ducker (level 4, -1/30 HPs)
             Began as an Octopode Gladiator on Aug 15, 2023.
             Was an Initiate of Gozag.
             Killed from afar by an orc wizard (10 damage)
             ... with a magic dart
             ... on level 3 of the Dungeon.
             The game lasted 00:02:02 (1957 turns).

Ethylacetat the Ducker (Octopode Gladiator)         Turns: 1957, Time: 00:02:05

Health: -1/30      AC:  1    Str: 13    XL:     4   Next: 34%
Magic:  13/13      EV: 14    Int: 10    God:    Gozag
Gold:   176        SH:  0    Dex: 15    Spells: 3/3 levels left

rFire   . . .        j - +1 trident of Iheff {spect, +Blink rN++ MP+9}
rCold   . . .        (no shield)
rNeg    + + .        a - +0 hat
rPois   .            (no amulet)
rElec   .            (no ring)
rCorr   .            (no ring)
SInv    .            (no ring)
Will    .....        (no ring)
Stlth   ++           (no ring)
HPRegen 0.25/turn    (no ring)
MPRegen 0.13/turn    (no ring)
                     (no ring)

%: no passive effects
@: gold aura
A: almost no armour, amphibious, 8 rings, camouflage 1, gelatinous body 1,
(nimble swimmer 1), tentacles
a: Renounce Religion, Evoke Blink, Potion Petition, Call Merchant, Bribe Branch


You were on level 3 of the Dungeon.
You worshipped Gozag.
Gozag was aware of your devotion.
You visited 1 branch of the dungeon, and saw 3 of its levels.

You collected 176 gold pieces.

Inventory:

Hand Weapons
 j - the +1 trident of Iheff (weapon) {spect, +Blink rN++ MP+9}
   (You found it on level 2 of the Dungeon)

   rN++:      It greatly protects you from negative energy.
   MP+9:      It affects your magic capacity (+9).
   +Blink:    It lets you blink.
Missiles
 b - 3 throwing nets (quivered)
 c - 6 javelins
Armour
 a - a +0 hat (worn)
Jewellery
 m - an amulet of the acrobat
Scrolls
 f - 2 scrolls of fog {unknown}
 i - 2 scrolls of identify {unknown}
 l - a scroll of teleportation {unknown}
 p - a scroll of enchant armour {unknown}
 q - a scroll of fear {unknown}
Potions
 d - 2 potions of lignification {unknown}
 e - a potion of berserk rage {unknown}
 g - a potion of might {unknown}
 h - a potion of brilliance {unknown}
 k - a potion of degeneration {unknown}
 n - 2 potions of heal wounds {unknown}
 o - a potion of cancellation {unknown}


   Skills:
 + Level 2.8 Fighting
 + Level 2.7 Throwing
 + Level 3.6 Dodging
 + Level 3.5 Unarmed Combat


You had 3 spell levels left.
You didn't know any spells.
Your spell library contained the following spells:

 Spells                   Type           Power      Damage    Failure   Level
 Dazzling Flash           Conj/Hex       0%         N/A       75%         3
 Summon Guardian Golem    Hex/Summ       0%         N/A       75%         3
 Metabolic Englaciation   Hex/Ice        0%         N/A       100%        5
 Silence                  Hex/Air        0%         N/A       100%        5


Dungeon Overview and Level Annotations

Branches:
Dungeon (3/15)

Altars:
Gozag


Innate Abilities, Weirdness & Mutations

You cannot wear most types of armour.
You are amphibious.
You can wear up to eight rings at the same time.
Your skin changes colour to match your surroundings (Stealth+).
Your rubbery body absorbs attacks. (AC +1, EV +1)
((You are camouflaged when in or above water. (Stealth+)))
You have tentacles for arms and can constrict up to eight enemies at once.


Message History

Your +1 trident of Iheff {spect, +Blink rN++ MP+9} hits the orc!
You kill the orc!
Unknown command.
Your +1 trident of Iheff {spect, +Blink rN++ MP+9} disappears.
The orc closely misses you.
Things that are here:
4 gold pieces; a +0 short sword; a +0 leather armour Unknown command.
You reach to attack!
You hit the orc but do no damage.
Your +1 trident of Iheff {spect, +Blink rN++ MP+9} hits the orc from afar.
The orc hits you from afar with a +0 trident.
The orc hits you from afar with a +0 trident!
Something hits you.
You are too injured to fight recklessly!
Unknown command.
You are too injured to fight recklessly!
You hit something.
Your +1 trident of Iheff {spect, +Blink rN++ MP+9} hits something.
Something barely misses you.
The orc is distracted by your dazzling golden aura.
You closely miss something.
The orc shouts!
Your +1 trident of Iheff {spect, +Blink rN++ MP+9} hits something.
Something hits you.
* * * LOW HITPOINT WARNING * * *
You miss something. Your squeeze misses something.
Your +1 trident of Iheff {spect, +Blink rN++ MP+9} hits something from afar.
Unknown command.
Reach: j) +1 trident of Iheff {spect, +Blink rN++ MP+9}
Press: ? - help, Dir - move target, f/p - orc
Aim: an orc, wielding a +0 trident and wearing a +0 ring mail (moderately wounded, about 37% to evade the +1 trident of Iheff)
You reach to attack!
You closely miss the orc.
The orc is no longer distracted by gold.
The orc is moderately wounded.
Your +1 trident of Iheff {spect, +Blink rN++ MP+9} barely misses the orc.
You hear some strange, mumbled words.
A magic dart appears from out of thin air!
The magic dart hits you!
You die...
Your body crumbles into a pile of gold.

......###.## ....#...#
####.##.### #.>.....##
#........#
#############!.......#
.....................+
.....(.{.............#
.....o$@.$...........#
##########...........#
#...........#
###...........#
..........###+##
.!......$..#
...........#
...........#
...........#


You could see an orc and a friendly +1 trident of Iheff {spect, +Blink rN++
MP+9}.

Vanquished Creatures
  3 adders
  2 worms (D:3)
  2 orcs (D:3)
  8 ball pythons
  3 bats
  2 endoplasms
  3 giant cockroaches
  3 goblins
  5 hobgoblins
  2 quokkas
  A frilled lizard (D:3)
  5 kobolds
  3 rats
42 creatures vanquished.

Notes
Turn   | Place    | Note
-------+----------+-------------------------------------------
     0 | D:1      | Ethylacetat the Octopode Gladiator began the quest for the
                  | Orb.
     0 | D:1      | Reached XP level 1. HP: 14/14 MP: 1/1
   213 | D:1      | Reached XP level 2. HP: 19/19 MP: 2/2
   925 | D:1      | Got the Compilation of Obstruction
  1081 | D:2      | Identified the +1 trident of Iheff {spect, +Blink rN++
                  | MP+9}
  1263 | D:2      | Reached XP level 3. HP: 25/25 MP: 3/3
  1600 | D:2      | Found a faded altar of an unknown god.
  1605 | D:2      | Prayed at the altar of an unknown god.
  1605 | D:2      | Became a worshipper of Gozag Ym Sagoz the Greedy
  1914 | D:3      | Reached XP level 4. HP: 30/30 MP: 4/4
  1957 | D:3      | Killed from afar by an orc wizard

Illustrated notes

Levels and vault maps discovered:
D:1:      dpeg_arrival_arbitrary_a, layout_basic, serial_co_window_serial,
          co_window_paths_a, co_window_of_opportunity_a, co_window_corner_a,
          co_window_of_opportunity_a, co_window_paths_a, co_window_cross_4,
          co_window_corner_b, co_window_broadway_c, co_window_4corner_b
D:2:      layout_loops_ring, basic_ecumenical_altar
D:3:      layout_basic, serial_shops, shop, minmay_hedge_maze

Action                     |  1- 3 |  4- 6 || total
---------------------------+-------+-------++-------
  Melee: Unarmed           |    41 |       ||    41
         Tentacles         |    11 |     2 ||    13
         Constrict         |    16 |     2 ||    18
         Punch             |     3 |       ||     3
         Trident           |    29 |    15 ||    44
   Stab: Sleeping          |     6 |       ||     6
         Distracted        |     1 |       ||     1
 Armour: Skin              |     5 |       ||     5
  Dodge: Dodged            |    43 |     4 ||    47

Table legend: (Time is in decaauts)
 A = Elapsed time spent in this place.
 B = Non-inter-level travel time spent in this place.
 C = Inter-level travel time spent in this place.
 D = Time resting spent in this place.
 E = Time spent auto-exploring this place.
 F = Levels seen in this place.
 G = Mean time per level.
                   A        B        C        D        E       F      G
               +--------+--------+--------+--------+--------+-----+--------+
         Total |   1966 |   1924 |     42 |      0 |   1615 |   3 |  655.3 |
       Dungeon |   1966 |   1924 |     42 |      0 |   1615 |   3 |  655.3 |
               +--------+--------+--------+--------+--------+-----+--------+

Top non-repeatable levels by time:
     D:1: 1057 daAuts
     D:2: 683 daAuts
     D:3: 226 daAuts
